TOP OF THE 1ST |
Michigan Wolverines batting - Pitching for Rutgers Scarlet Knights : RHP Miguel Durán
|
Pitching: RHP Miguel Durán
|
|
Batting: RHB Mark Brewer
|
0-0: Foul Ball, location: 2F 0-1: Called Strike 0-2: Ball 1-2: Strikes out swinging
|
Batting: RHB Bryan Koonts
|
0-0: Ball 1-0: Ground out 6-3 (Groundball, 6)
|
Batting: RHB Bill Davis
|
0-0: SINGLE (Line Drive, 56D)
|
Batting: RHB Jake Brown
|
0-0: Foul Ball, location: 2F 0-1: Swinging Strike 0-2: Ball 1-2: Ball 2-2: Strikes out swinging
|
Top of the 1st over - 0 run(s), 1 hit(s), 0 error(s), 1 left on base; Michigan 0 - Rutgers 0 |
BOTTOM OF THE 1ST |
Rutgers Scarlet Knights batting - Pitching for Michigan Wolverines : RHP Jean-François Wong
|
Pitching: RHP Jean-François Wong
|
|
Batting: LHB Dave Watkins
|
0-0: Called Strike 0-1: Swinging Strike 0-2: Ball 1-2: DOUBLE (Flyball, 89D)
|
Batting: RHB Joe Roberts
|
0-0: Ball 1-0: Ball 2-0: Swinging Strike 2-1: Foul Ball, location: 2F 2-2: Ball 3-2: Strikes out swinging
|
Batting: SHB Woody Stanley
|
0-0: Called Strike 0-1: Foul Ball, location: 2F 0-2: Ball 1-2: Ball 2-2: SINGLE (Line Drive, 6M) Dave Watkins to third
|
Batting: LHB Carlos Hernández
|
0-0: Ball 1-0: Called Strike 1-1: Swinging Strike 1-2: Ball 2-2: Strikes out looking
|
Batting: RHB Howard Battle
|
0-0: Called Strike 0-1: Ball 1-1: Foul Ball, location: 2F 1-2: Ball 2-2: Foul Ball, location: 2F 2-2: Foul Ball, location: 2F 2-2: Ball 3-2: Base on Balls Woody Stanley to second
|
Batting: LHB Zander Rutherford
|
0-0: Fielders Choice at 2nd, 6-4 (Groundball, 6)
|
Bottom of the 1st over - 0 run(s), 2 hit(s), 0 error(s), 2 left on base; Michigan 0 - Rutgers 0 |
TOP OF THE 2ND |
Michigan Wolverines batting - Pitching for Rutgers Scarlet Knights : RHP Miguel Durán
|
Batting: RHB Bill Andrews
|
0-0: Swinging Strike 0-1: Ball 1-1: Foul Ball, location: 2F 1-2: Strikes out looking
|
Batting: RHB Walt Green
|
0-0: Ball 1-0: Ball 2-0: SINGLE (Groundball, 34S) (infield hit)
|
Batting: RHB Andrew Lewis
|
0-0: Fly out, F8 (Flyball, 78D)
|
Batting: RHB Mel Wells
|
0-0: Ball 1-0: Ball 2-0: Ball 3-0: Base on Balls Walt Green to second
|
Batting: LHB Leon Malone
|
0-0: Ball 1-0: Ball 2-0: Swinging Strike 2-1: Ball 3-1: 3-RUN HOME RUN (Flyball, 8RXD), Distance : 390 ft
|
Batting: RHB Mark Brewer
|
0-0: Called Strike 0-1: Called Strike 0-2: Ball 1-2: Ball 2-2: Foul Ball, location: 2F 2-2: Strikes out looking
|
Top of the 2nd over - 3 run(s), 2 hit(s), 0 error(s), 0 left on base; Michigan 3 - Rutgers 0 |
BOTTOM OF THE 2ND |
Rutgers Scarlet Knights batting - Pitching for Michigan Wolverines : RHP Jean-François Wong
|
Batting: RHB Norm Gunn
|
0-0: Ball 1-0: Ball 2-0: Ball 3-0: Called Strike 3-1: Base on Balls
|
Batting: RHB Eric Green
|
0-0: Hit by Pitch Norm Gunn to second
|
Batting: RHB Jesús León
|
0-0: Ball 1-0: Grounds into double play, 4-6-3 (Groundball, 4) Norm Gunn to third
|
Batting: LHB Dave Watkins
|
0-0: Foul Ball, location: 2F 0-1: Foul Ball, location: 2F 0-2: Foul Ball, location: 2F 0-2: Ball 1-2: Strikes out swinging
|
Bottom of the 2nd over - 0 run(s), 0 hit(s), 0 error(s), 1 left on base; Michigan 3 - Rutgers 0 |
TOP OF THE 3RD |
Michigan Wolverines batting - Pitching for Rutgers Scarlet Knights : RHP Miguel Durán
|
Batting: RHB Bryan Koonts
|
0-0: SINGLE (Groundball, 4MD)
|
Batting: RHB Bill Davis
|
0-0: Ball 1-0: Called Strike 1-1: Ball 2-1: Ball 3-1: Swinging Strike 3-2: Strikes out swinging Bryan Koonts is caught stealing 2nd base Batter strikes out.
|
Batting: RHB Jake Brown
|
0-0: Called Strike 0-1: Called Strike 0-2: Strikes out swinging
|
Top of the 3rd over - 0 run(s), 1 hit(s), 0 error(s), 0 left on base; Michigan 3 - Rutgers 0 |
BOTTOM OF THE 3RD |
Rutgers Scarlet Knights batting - Pitching for Michigan Wolverines : RHP Jean-François Wong
|
Batting: RHB Joe Roberts
|
0-0: Ball 1-0: Swinging Strike 1-1: Fly out, F5 (Line Drive, 5)
|
Batting: SHB Woody Stanley
|
0-0: Called Strike 0-1: Ball 1-1: Called Strike 1-2: SINGLE (Line Drive, 56D)
|
Batting: LHB Carlos Hernández
|
0-0: Ball 1-0: Ball 2-0: Ball 3-0: Called Strike 3-1: Foul Ball, location: 2F 3-2: Foul Ball, location: 2F 3-2: Ground out 4-3 (Groundball, 34) Woody Stanley to second
|
Batting: RHB Howard Battle
|
0-0: Ground out 6-3 (Groundball, 6M)
|
Bottom of the 3rd over - 0 run(s), 1 hit(s), 0 error(s), 1 left on base; Michigan 3 - Rutgers 0 |
TOP OF THE 4TH |
Michigan Wolverines batting - Pitching for Rutgers Scarlet Knights : RHP Miguel Durán
|
Batting: RHB Bill Andrews
|
0-0: Called Strike 0-1: Called Strike 0-2: Ball 1-2: Ball 2-2: Foul Ball, location: 2F 2-2: Ball 3-2: Base on Balls
|
Batting: RHB Walt Green
|
0-0: Ball 1-0: Ball 2-0: Foul Ball, location: 2F 2-1: Swinging Strike 2-2: Foul Ball, location: 2F 2-2: Ball 3-2: Base on Balls Bill Andrews to second
|
Batting: RHB Andrew Lewis
|
0-0: Swinging Strike 0-1: Foul Ball, location: 2F 0-2: Ball 1-2: Ball 2-2: Strikes out looking
|
Batting: RHB Mel Wells
|
0-0: Called Strike 0-1: Ball 1-1: Foul Ball, location: 2F 1-2: Ball 2-2: Strikes out swinging
|
Batting: LHB Leon Malone
|
0-0: Foul Ball, location: 2F 0-1: Foul Ball, location: 2F 0-2: Ball 1-2: Strikes out swinging
|
Top of the 4th over - 0 run(s), 0 hit(s), 0 error(s), 2 left on base; Michigan 3 - Rutgers 0 |
BOTTOM OF THE 4TH |
Rutgers Scarlet Knights batting - Pitching for Michigan Wolverines : RHP Jean-François Wong
|
Batting: LHB Zander Rutherford
|
0-0: Ball 1-0: Fly out, F3 (Popup, 34)
|
Batting: RHB Norm Gunn
|
0-0: Ball 1-0: Ground out 6-3 (Groundball, 6)
|
Batting: RHB Eric Green
|
0-0: Swinging Strike 0-1: Called Strike 0-2: Ball 1-2: Strikes out swinging
|
Bottom of the 4th over - 0 run(s), 0 hit(s), 0 error(s), 0 left on base; Michigan 3 - Rutgers 0 |
TOP OF THE 5TH |
Michigan Wolverines batting - Pitching for Rutgers Scarlet Knights : RHP Miguel Durán
|
Batting: RHB Mark Brewer
|
0-0: Called Strike 0-1: Swinging Strike 0-2: Strikes out swinging
|
Batting: RHB Bryan Koonts
|
0-0: Ball 1-0: Ball 2-0: Foul Ball, location: 2F 2-1: Ball 3-1: Fly out, F8 (Flyball, 8LM)
|
Batting: RHB Bill Davis
|
0-0: Ball 1-0: Called Strike 1-1: Ground out 4-3 (Groundball, 4M)
|
Top of the 5th over - 0 run(s), 0 hit(s), 0 error(s), 0 left on base; Michigan 3 - Rutgers 0 |
BOTTOM OF THE 5TH |
Rutgers Scarlet Knights batting - Pitching for Michigan Wolverines : RHP Jean-François Wong
|
Batting: RHB Jesús León
|
0-0: Called Strike 0-1: Called Strike 0-2: Ball 1-2: Ball 2-2: Ball 3-2: Foul Ball, location: 2F 3-2: Foul Ball, location: 2F 3-2: SINGLE (Line Drive, 5)
|
Batting: LHB Dave Watkins
|
0-0: Called Strike 0-1: Foul Ball, location: 2F 0-2: Ball 1-2: Foul Ball, location: 2F 1-2: Foul Ball, location: 2F 1-2: Ball Wild Pitch! Jesús León to second 2-2: Fly out, F7 (Flyball, 7S)
|
Pitching: RHP Jacob Coleman
|
|
Batting: RHB Joe Roberts
|
0-0: Ball 1-0: Ball 2-0: Called Strike 2-1: Foul Ball, location: 2F 2-2: Ball 3-2: Foul Ball, location: 2F 3-2: Ground out 5-3 (Groundball, 56S) Jesús León to third
|
Batting: SHB Woody Stanley
|
0-0: Foul Ball, location: 2F 0-1: Ball 1-1: Foul Ball, location: 2F 1-2: Strikes out swinging
|
Bottom of the 5th over - 0 run(s), 1 hit(s), 0 error(s), 1 left on base; Michigan 3 - Rutgers 0 |
TOP OF THE 6TH |
Michigan Wolverines batting - Pitching for Rutgers Scarlet Knights : RHP Miguel Durán
|
Pitching: RHP Tommy Holmes
|
|
Batting: RHB Jake Brown
|
0-0: Foul Ball, location: 2F 0-1: SOLO HOME RUN (Flyball, 7D), Distance : 350 ft
|
Batting: RHB Bill Andrews
|
0-0: Foul Ball, location: 2F 0-1: Called Strike 0-2: Ball 1-2: Ball 2-2: Ball 3-2: Ground out 4-3 (Groundball, 4)
|
Batting: RHB Walt Green
|
0-0: Ball 1-0: Ball 2-0: Ground out 6-3 (Groundball, 56)
|
Batting: RHB Andrew Lewis
|
0-0: Foul Ball, location: 2F 0-1: Fly out, F8 (Flyball, 8LS)
|
Top of the 6th over - 1 run(s), 1 hit(s), 0 error(s), 0 left on base; Michigan 4 - Rutgers 0 |
BOTTOM OF THE 6TH |
Rutgers Scarlet Knights batting - Pitching for Michigan Wolverines : RHP Jacob Coleman
|
Batting: LHB Carlos Hernández
|
0-0: Called Strike 0-1: Ball 1-1: Swinging Strike 1-2: Foul Ball, location: 2F 1-2: Ball 2-2: Ball 3-2: Ground out U3 (Groundball, 3L)
|
Batting: RHB Howard Battle
|
0-0: Ball 1-0: Called Strike 1-1: Ground out 6-3 (Groundball, 6)
|
Batting: LHB Zander Rutherford
|
0-0: Called Strike 0-1: Ball 1-1: Ball 2-1: Foul Ball, location: 2F 2-2: Ground out 6-3 (Groundball, 6D)
|
Bottom of the 6th over - 0 run(s), 0 hit(s), 0 error(s), 0 left on base; Michigan 4 - Rutgers 0 |
TOP OF THE 7TH |
Michigan Wolverines batting - Pitching for Rutgers Scarlet Knights : RHP Tommy Holmes
|
Batting: RHB Mel Wells
|
0-0: Foul Ball, location: 2F 0-1: Foul Ball, location: 2F 0-2: Strikes out swinging
|
Batting: LHB Leon Malone
|
0-0: Ball 1-0: Ground out 4-3 (Groundball, 34)
|
Batting: RHB Mark Brewer
|
0-0: Ball 1-0: Foul Ball, location: 2F 1-1: Swinging Strike 1-2: SINGLE (Groundball, 56D)
|
Batting: RHB Bryan Koonts
|
0-0: Ball Mark Brewer is caught stealing 2nd base
|
Top of the 7th over - 0 run(s), 1 hit(s), 0 error(s), 0 left on base; Michigan 4 - Rutgers 0 |
BOTTOM OF THE 7TH |
Rutgers Scarlet Knights batting - Pitching for Michigan Wolverines : RHP Jacob Coleman
|
Batting: RHB Norm Gunn
|
0-0: Called Strike 0-1: Ball 1-1: Fly out, F7 (Line Drive, 7)
|
Batting: RHB Eric Green
|
0-0: Called Strike 0-1: Ball 1-1: SINGLE (Groundball, 56D)
|
Batting: RHB Jesús León
|
0-0: Foul Ball, location: 2F 0-1: Swinging Strike 0-2: Ball 1-2: Strikes out looking
|
Batting: LHB Dave Watkins
|
0-0: Ball 1-0: Called Strike 1-1: Ball 2-1: Ball 3-1: Foul Ball, location: 2F 3-2: Foul Ball, location: 2F 3-2: Base on Balls Eric Green to second
|
Batting: RHB Joe Roberts
|
0-0: Ball 1-0: Ball 2-0: Ball 3-0: Called Strike 3-1: Fly out, F7 (Line Drive, 7)
|
Bottom of the 7th over - 0 run(s), 1 hit(s), 0 error(s), 2 left on base; Michigan 4 - Rutgers 0 |
TOP OF THE 8TH |
Michigan Wolverines batting - Pitching for Rutgers Scarlet Knights : RHP Tommy Holmes
|
Batting: RHB Bryan Koonts
|
0-0: Ball 1-0: Called Strike 1-1: Ball 2-1: Ball 3-1: Base on Balls
|
Pitching: LHP Jack Greene
|
|
Batting: RHB Bill Davis
|
0-0: Ball 1-0: Swinging Strike 1-1: Foul Ball, location: 2F 1-2: SINGLE (Groundball, 34) (infield hit) Bryan Koonts to second
|
Batting: RHB Jake Brown
|
0-0: Called Strike 0-1: Ball 1-1: Swinging Strike 1-2: Fly out, F9 (Flyball, 9LSF)
|
Batting: RHB Bill Andrews
|
0-0: Ball Bryan Koonts is caught stealing 3rd base Bill Davis to second 1-0: Ball 2-0: Ground out 5-3 (Groundball, 5)
|
Top of the 8th over - 0 run(s), 1 hit(s), 0 error(s), 1 left on base; Michigan 4 - Rutgers 0 |
BOTTOM OF THE 8TH |
Rutgers Scarlet Knights batting - Pitching for Michigan Wolverines : RHP Jacob Coleman
|
Batting: SHB Woody Stanley
|
0-0: Called Strike 0-1: DOUBLE (Line Drive, 5D)
|
Batting: LHB Carlos Hernández
|
0-0: Ball 1-0: Called Strike 1-1: Ball 2-1: Foul Ball, location: 2F 2-2: Ball 3-2: Fly out, F5 (Line Drive, 5)
|
Pitching: RHP Jorge Báez
|
|
Batting: RHB Howard Battle
|
0-0: Ground out 4-3 (Groundball, 4) Woody Stanley to third
|
Batting: LHB Zander Rutherford
|
0-0: Foul Ball, location: 2F 0-1: DOUBLE (Flyball, 8RD) Woody Stanley scores
|
Batting: RHB Norm Gunn
|
0-0: Foul Ball, location: 2F 0-1: Ball 1-1: Foul Ball, location: 2F 1-2: Ground out 6-3 (Groundball, 6)
|
Bottom of the 8th over - 1 run(s), 2 hit(s), 0 error(s), 1 left on base; Michigan 4 - Rutgers 1 |
TOP OF THE 9TH |
Michigan Wolverines batting - Pitching for Rutgers Scarlet Knights : LHP Jack Greene
|
Batting: RHB Walt Green
|
0-0: Called Strike 0-1: Ball 1-1: Ball 2-1: SINGLE (Line Drive, 6M)
|
Batting: RHB Andrew Lewis
|
0-0: Ball 1-0: Sac Bunt - play at first, batter OUT! 1-4 Walt Green to second
|
Batting: RHB Mel Wells
|
0-0: Ball 1-0: Ball 2-0: Ball 3-0: Base on Balls
|
Batting: LHB Leon Malone
|
0-0: Ball 1-0: Ball 2-0: Called Strike 2-1: Foul Ball, location: 2F 2-2: Fielders Choice at 2nd, 1-4 (Groundball, 15) Walt Green to third
|
Batting: RHB Mark Brewer
|
0-0: Ball 1-0: Ball 2-0: Ball 3-0: Called Strike 3-1: Base on Balls Leon Malone to second
|
Pitching: RHP Joey Williams
|
|
Batting: RHB Bryan Koonts
|
0-0: Swinging Strike 0-1: Foul Ball, location: 2F 0-2: Strikes out swinging
|
Top of the 9th over - 0 run(s), 1 hit(s), 0 error(s), 3 left on base; Michigan 4 - Rutgers 1 |
BOTTOM OF THE 9TH |
Rutgers Scarlet Knights batting - Pitching for Michigan Wolverines : RHP Jorge Báez
|
Pitching: RHP Clay White
|
|
Batting: RHB Eric Green
|
0-0: Called Strike 0-1: Fly out, F8 (Flyball, 8LM)
|
Batting: RHB Jesús León
|
0-0: Ground out 3-1 (Groundball, 34)
|
Batting: LHB Dave Watkins
|
0-0: Ball 1-0: Fly out, F6 (Popup, 56D)
|
Bottom of the 9th over - 0 run(s), 0 hit(s), 0 error(s), 0 left on base; Michigan 4 - Rutgers 1 |
|